 Dungeon Crawl Stone Soup version 0.21.1-1-g345015fe64 (webtiles) character file.

74 Lavandula the Magician (level 4, 0/45 HPs)
             Began as a Barachi Earth Elementalist on July 19, 2018.
             Slain by an orc
             ... wielding a +3 dagger
              (4 damage)
             ... on level 3 of the Dungeon.
             The game lasted 00:03:53 (485 turns).

Lavandula the Magician (Barachi Earth Elementalist)  Turns: 485, Time: 00:03:54

Health: 0/45       AC: 22    Str:  9 (10) XL:     4   Next: 30%
Magic:  5/10       EV:  2    Int: 15 (16) God:
Gold:   82         SH:  0    Dex: 11 (12) Spells: 3/11 levels left

rFire    . . .     SeeInvis .   g - +0 spear
rCold    . . .     Gourm    .   (no shield)
rNeg     + + +     Faith    .   (armour currently unavailable)
rPois    +         Spirit   .   (helmet currently unavailable)
rElec    .         Reflect  .   (cloak currently unavailable)
rCorr    .         Harm     .   (gloves currently unavailable)
MR       .....     NoTele   +   (boots currently unavailable)
Stlth    ++........             (no amulet)
HPRegen  0.15/turn              (no ring)
MPRegen  0.12/turn              (no ring)

@: tree-form, can't hop
A: +LOS, swims
a: no special abilities


You were on level 3 of the Dungeon.
You were not hungry.
You were a tree.
You visited 1 branch of the dungeon, and saw 3 of its levels.

You collected 82 gold pieces.

Inventory:

Hand Weapons
 f - a +1 short sword of speed
 g - a +0 spear (weapon)
Missiles
 b - 57 stones (quivered)
Armour
 c - a +0 robe (melded)
Scrolls
 h - a scroll of identify
 i - a scroll of amnesia
Potions
 a - a potion of heal wounds {unknown}
 j - a potion of lignification
 l - a potion of berserk rage {unknown}
 m - a potion of agility {unknown}
 n - a potion of degeneration
Books
 e - a book of Geomancy

   Spells                             Type                      Level
   a - Sandblast                      Earth                        1
   b - Passwall                       Transmutation/Earth          2
   c - Stone Arrow                    Conjuration/Earth            3
   d - Petrify                        Transmutation/Earth          4
   e - Lee's Rapid Deconstruction     Earth                        5
Comestibles
 d - 5 rations


   Skills:
 - Level 2.1 Dodging
 - Level 1.7 Stealth
 - Level 4.4 Spellcasting
 - Level 1.1 Transmutations
 + Level 3.1 Earth Magic


You had 3 spell levels left.
You knew the following spells:

 Your Spells              Type           Power        Failure   Level  Hunger
a - Sandblast             Erth           ##....       4%          1    None
b - Stone Arrow           Conj/Erth      #.....       26%         3    ###....
c - Petrify               Tmut/Erth      #.......     58%         4    ####...


Dungeon Overview and Level Annotations

Branches:
Dungeon (3/15)

Altars:
Makhleb


Innate Abilities, Weirdness & Mutations

Shadows flee at your approach. (+LOS)
You can swim through water.
((You cover ground slowly.))
((You can hop short distances.))


Message History

As you read the scroll labeled QIUSMA TIELU, it crumbles to dust.
It is a scroll of identify.
i - a scroll of amnesia The orc closely misses you.
Unknown command.
As you read the scroll labeled PEZIDE LAFOU, it crumbles to dust.
It is a scroll of enchant weapon.
Your +0 short sword of speed glows red for a moment.
The orc closely misses you.
Unknown command.
It was a potion of degeneration.
There was something very wrong with that liquid.
You feel weakened.
You feel dopey.
You feel clumsy.
The orc hits you with an enchanted dagger.
* * * LOW HITPOINT WARNING * * *
Unknown command.
It was a potion of lignification.
You turn into a tree.
Your +0 robe melds into your body.
Your roots penetrate the ground.
The orc hits you with an enchanted dagger.
You die...

#######..#
#o.# #or#
#.o# #.o#
####..#
#..r..#
#####o##.##
#.♣o{r...#
#.###.####
#. #[# #.
#.# #.###.#
#.....#
#####.# #.#
#.#


You could see 2 orcs and a quokka.

Vanquished Creatures
  A hound (D:1)
  A gnoll (D:1)
  An adder (D:1)
  An ooze (D:1)
  3 bats
  A giant cockroach (D:2)
  2 hobgoblins
  4 kobolds (D:1)
  A ball python (D:3)
  3 frilled lizards
  3 goblins (D:1)
  4 rats
25 creatures vanquished.

Notes
Turn   | Place    | Note
-------+----------+-------------------------------------------
     0 | D:1      | Lavandula the Barachi Earth Elementalist began the quest for the Orb.
     0 | D:1      | Reached XP level 1. HP: 13/13 MP: 3/3
    26 | D:1      | Reached XP level 2. HP: 16/19 MP: 0/5
    79 | D:1      | Reached skill level 3 in Spellcasting
   150 | D:1      | Reached XP level 3. HP: 22/24 MP: 8/8
   211 | D:2      | Found a burning altar of Makhleb.
   268 | D:1      | Reached skill level 4 in Spellcasting
   268 | D:1      | Reached XP level 4. HP: 24/30 MP: 5/10
   273 | D:1      | Learned a level 3 spell: Stone Arrow
   278 | D:1      | Learned a level 4 spell: Petrify
   485 | D:3      | Slain by an orc

Skill      XL: |  1  2  3 |
---------------+----------+-----
Spellcasting   | 3 4 |  4.4
Dodging        | |  2.1
Stealth        | |  1.7
Transmutations | |  1.1
Earth Magic    | |  3.1

Action                   |  1- 3 |  4- 6 || total
-------------------------+-------+-------++-------
Melee: Unarmed           |     2 |       ||     2
       Spear             |    23 |     7 ||    30
 Cast: Sandblast         |    21 |    17 ||    38
 Abil: Hop               |       |     1 ||     1
  Use: Scroll            |       |     2 ||     2
       Potion            |       |     2 ||     2
Armor: Robe              |    10 |     3 ||    13
Dodge: Dodged            |    22 |    10 ||    32
